Workbook

Sheet 2015
B1: KEY: black = primary source data; blue = IOR estimate, analysis, and/or calculation
B2: January | C2: February | D2: March | E2: April | F2: May | G2: June | H2: July | I2: August | J2: September | K2: October | L2: November | M2: December | N2: Average | O2: Total
B3: 31 | C3: 28 | D3: 31 | E3: 30 | F3: 31 | G3: 30 | H3: 31 | I3: 31 | J3: 30 | K3: 31 | L3: 30 | M3: 31
A4: Total exports
A5: Federal + KRG exports (bbl) | B5: =B8+B46 -> 82584691 | C5: =C8+C46 -> 76463000 | D5: =D8+D46 -> 95994993 | E5: =E8+E46 -> 94179010 | F5: =F8+F46 -> 103455002 | G5: =G8+G46 -> 108231200 | H5: =H8+H46 -> 109935000 | I5: =I8+I46 -> 107936000 | ... M5: =M8+M46 -> 117750761 | N5: =O5/12 -> 1.0234609e+08 | O5: =SUM(B5:M5) -> 1228153097
A6: Federal + KRG exports (bpd) | B6: =B5/B3 -> 2664022.3 | C6: =C5/C3 -> 2730821.4 | D6: =D5/D3 -> 3096612.7 | E6: =E5/E3 -> 3139300.3 | F6: =F5/F3 -> 3337258.1 | G6: =G5/G3 -> 3607706.7 | H6: =H5/H3 -> 3546290.3 | I6: =I5/I3 -> 3481806.5 | ... M6: =M5/M3 -> 3798411.6 | N6: =O5/365 -> 3364803
A7: Federal exports
A8: Total federal exports (bbl) | B8: 78600000 | C8: 72700000 | D8: 92400000 | E8: 92300000 | F8: 97495000 | G8: =G16+G10 -> 95603190 | H8: 96245000 | I8: 95447000 | J8: 91552863 | K8: 83800000 | L8: 100945867 | M8: 99658761 | N8: =AVERAGE(B8:M8) -> 91395640 | O8: =SUM(B8:M8) -> 1096747681
A9: Total federal exports (bpd) | B9: =B8/B3 -> 2535483.9 | C9: =C8/C3 -> 2596428.6 | D9: =D8/D3 -> 2980645.2 | E9: =E8/E3 -> 3076666.7 | F9: =F8/F3 -> 3145000 | G9: =G8/G3 -> 3186773 | H9: =H8/H3 -> 3104677.4 | I9: =I8/I3 -> 3078935.5 | ... M9: =M8/M3 -> 3214798.7 | N9: =O8/365 -> 3004788.2
A10: Basra exports (bbl) | B10: 74100000 | C10: 64200000 | D10: 84100000 | E10: 78800000 | F10: 83510000 | G10: 90660000 | H10: 94980000 | I10: =I8-I16 -> 93656000 | J10: 90907227 | K10: =K8 -> 83800000 | L10: =L8 -> 100945867 | M10: 99658761 | N10: =AVERAGE(B10:M10) -> 86609821 | O10: =SUM(B10:M10) -> 1039317855
A11: Basra exports (bpd) | B11: =B10/B3 -> 2390322.6 | C11: =C10/C3 -> 2292857.1 | D11: =D10/D3 -> 2712903.2 | E11: =E10/E3 -> 2626666.7 | F11: =F10/F3 -> 2693871 | G11: =G10/G3 -> 3022000 | H11: =H10/H3 -> 3063871 | I11: =I10/I3 -> 3021161.3 | ... M11: =M10/M3 -> 3214798.7 | N11: =AVERAGE(B11:M11) -> 2844731.7
A12: Basra Light (bpd) | B12: =B11 -> 2390322.6 | C12: =C11 -> 2292857.1 | D12: =D11 -> 2712903.2 | E12: =E11 -> 2626666.7 | F12: =F11 -> 2693871 | G12: 2430000 | H12: =H11-H13 -> 2236871 | I12: =I11-I13 -> 2220161.3 | J12: =J11*0.722 -> 2187833.9 | K12: =K11*0.76 -> 2054451.6 | L12: =L9*0.75 -> 2523646.7 | M12: =M11-M13 -> 2443247 | N12: =AVERAGE(B12:M12) -> 2401069.3
A13: Basra Heavy (bpd) | B13: 0 | C13: 0 | D13: 0 | E13: 0 | F13: 0 | G13: 592000 | H13: 827000 | I13: 801000 | J13: =J11*0.278 -> 842406.97 | K13: =K11*0.24 -> 648774.19 | L13: =L9*0.25 -> 841215.56 | M13: =M11*0.24 -> 771551.7 | N13: =AVERAGE(B13:M13) -> 443662.37
A14: Crude loaded at SPMs (bpd) | B14: na | C14: na | D14: na | E14: 931000 | F14: 1020000 | G14: 1399 | H14: 1465000 | I14: 1368000 | J14: 1467000 | K14: 1228000 | L14: 1507000 | M14: 1408000
A15: Crude loaded at ABOT and KAAOT (bpd) | B15: na | C15: na | D15: na | E15: 1661000 | F15: 1580000 | G15: 1698000 | H15: 1616000 | I15: 1702000 | J15: 1515000 | K15: 1555000 | L15: 1720000 | M15: 1845000
A16: Federal exports via Ceyhan (bbl) | B16: 4495000 | C16: 8512000 | D16: 8308000 | E16: 13500000 | F16: 13981000 | G16: 4943190 | H16: 1260000 | I16: 1791000 | J16: 645000 | K16: 0 | L16: 0 | M16: 0 | N16: =AVERAGE(B16:M16) -> 4786265.8 | O16: =SUM(B16:M16) -> 57435190
A17: Federal exports via Ceyhan (bpd) | B17: =B16/B3 -> 145000 | C17: =C16/C3 -> 304000 | D17: =D16/D3 -> 268000 | E17: =E16/E3 -> 450000 | F17: =F16/F3 -> 451000 | G17: 164733 | H17: =H16/H3 -> 40645.161 | I17: =I16/I3 -> 57774.194 | J17: =J16/J3 -> 21500 | K17: 0 | L17: 0 | M17: 0 | N17: =AVERAGE(B17:M17) -> 158554.36
A18: Average SOMO sale price ($/bbl) | B18: 41.45 | C18: 47.43 | D18: 48.24 | E18: 51.7 | F18: 55.87 | G18: 55.32 | H18: 50.99 | I18: 41.099 | J18: 40.327 | K18: 39.26 | L18: 36.42 | M18: 29.835 | N18: =AVERAGE(B18:M18) -> 44.828417
A19: Average Kirkuk SOMO sale price ($/bbl) | B19: 45.11 | C19: 54.11 | D19: 50.24 | E19: 55.55 | F19: 58.42 | G19: 55.62 | H19: 50.99 | I19: 41.1 | J19: =J18 -> 40.327 | N19: =AVERAGE(B19:M19) -> 50.163
A20: Average Brent price | B20: ='Oil price'!C22 -> 47.7595 | C20: ='Oil price'!C42 -> 58.0955 | D20: ='Oil price'!C64 -> 55.885455 | E20: ='Oil price'!C85 -> 59.524286 | F20: ='Oil price'!C105 -> 64.075 | G20: ='Oil price'!C127 -> 61.477727 | H20: ='Oil price'!C150 -> 56.561304 | I20: ='Oil price'!C170 -> 46.515 | J20: ='Oil price'!C192 -> 47.623182 | K20: ='Oil price'!C214 -> 48.43 | L20: ='Oil price'!C235 -> 44.267619 | M20: ='Oil price'!C257 -> 38.005455
A21: Average SOMO discount vs. Brent ($) | B21: =B18-B20 -> -6.3095 | C21: =C18-C20 -> -10.6655 | D21: =D18-D20 -> -7.6454545 | E21: =E18-E20 -> -7.8242857 | F21: =F18-F20 -> -8.205 | G21: =G18-G20 -> -6.1577273 | H21: =H18-H20 -> -5.5713043 | I21: =I18-I20 -> -5.416 | ... M21: =M18-M20 -> -8.1704545
A22: Average SOMO discount vs. Brent (%) | B22: =B18/B20 -> 0.86789016 | C22: =C18/C20 -> 0.81641435 | D22: =D18/D20 -> 0.8631942 | E22: =E18/E20 -> 0.86855305 | F22: =F18/F20 -> 0.87194694 | G22: =G18/G20 -> 0.89983808 | H22: =H18/H20 -> 0.90149972 | I22: =I18/I20 -> 0.88356444 | ... M22: =M18/M20 -> 0.7850189
A23: Federal finances
A24: Total federal oil revenue ($) | B24: =B18*B8 -> 3257970000 | C24: =C18*C8 -> 3448161000 | D24: =D18*D8 -> 4457376000 | E24: =E18*E8 -> 4771910000 | F24: =F18*F8 -> 5447045650 | G24: =G18*G8 -> 5288768471 | H24: =H18*H8 -> 4907532550 | I24: =I18*I8 -> 3922776253 | J24: =J8*J18 -> 3692052306 | K24: =K18*K8 -> 3289988000 | L24: =L18*L8 -> 3676448476 | M24: =M18*M8 -> 2973319134 | N24: =AVERAGE(B24:M24) -> 4094445653 | O24: =SUM(B24:M24) -> 49133347841
A25: Total expenditures (IQD) | B25: 3634000000000 | C25: 4406423000000 | D25: 5193799000000 | E25: 5183325000000 | F25: 5081738000000 | G25: 5274168000000 | H25: no data | I25: no data | J25: no data | K25: no data | L25: no data | M25: no data | N25: =AVERAGE(B25:M25) -> 4795575500000 | O25: =SUM(B25:M25) -> 28773453000000
A26: Sovereign expenses (IQD) | B26: 709748000000 | C26: 565034000000 | D26: 1192773000000 | E26: 1504471000000 | F26: 1551233000000 | G26: 1942797000000 | H26: no data | I26: no data | J26: no data | K26: no data | L26: no data | M26: no data | N26: =AVERAGE(B26:M26) -> 1244342666667
A27: Sovereign expenses as % of total | B27: =B26/B25 -> 0.19530765 | C27: =C26/C25 -> 0.12822963 | D27: =D26/D25 -> 0.22965328 | E27: =E26/E25 -> 0.29025211 | F27: =F26/F25 -> 0.30525639 | G27: =G26/G25 -> 0.36836085 | H27: no data | I27: no data | J27: no data | K27: no data | L27: no data | M27: no data | N27: =AVERAGE(B27:M27) -> 0.25284332
A28: Ground forces expenditures (IQD) | B28: 244209000000 | C28: 248930000000 | D28: 294235000000 | E28: 263688000000 | F28: 270041000000 | G28: 287827000000 | H28: no data | I28: no data | J28: no data | K28: no data | L28: no data | M28: no data | N28: =AVERAGE(B28:M28) -> 268155000000
A29: KRG exports according to the KRG
A30: Pipeline throughput (bbl) | B30: 10957000 | C30: 12434000 | D30: 11317000 | E30: 16878985 | F30: 17906242 | G30: 17130639 | H30: 16019090 | I30: 14657798 | J30: 18614372 | K30: 18461357 | L30: 18023075 | M30: 18105734 | N30: =AVERAGE(B30:M30) -> 15875441 | O30: =SUM(B30:M30) -> 190505292
A31: Pipeline monthly average (bpd) | B31: =B30/B3 -> 353451.61 | C31: =C30/C3 -> 444071.43 | D31: =D30/D3 -> 365064.52 | E31: =E30/E3 -> 562632.83 | F31: =F30/F3 -> 577620.71 | G31: =G30/G3 -> 571021.3 | H31: =H30/H3 -> 516744.84 | I31: =I30/I3 -> 472832.19 | ... M31: =M30/M3 -> 584055.94 | N31: =AVERAGE(B31:M31) -> 522022.6
A32: Independent exports (bbl) | B32: =B30-B48 -> 6333691 | C32: =C30-C48 -> 3950000 | D32: =D30-D48 -> 2664993 | E32: 1931014 | F32: 5710947 | G32: 11893231 | H32: 15260470 | I32: 12118146 | J32: 18317419 | K32: =K30 -> 18461357 | L32: 17730683 | M32: 18406147 | N32: =AVERAGE(B32:M32) -> 11064842 | O32: =SUM(B32:M32) -> 132778098
A33: Independent exports (bpd) | B33: =B32/B3 -> 204312.61 | C33: =C32/C3 -> 141071.43 | D33: =D32/D3 -> 85967.516 | E33: =E32/E3 -> 64367.133 | F33: =F32/F3 -> 184224.1 | G33: =G32/G3 -> 396441.03 | H33: =H32/H3 -> 492273.23 | I33: =I32/I3 -> 390907.94 | J33: =J32/J3 -> 610580.63 | K33: =K31 -> 595527.65 | L33: =L32/L3 -> 591022.77 | M33: =M32/M3 -> 593746.68 | N33: =AVERAGE(B33:M33) -> 362536.89
A34: Transfers to SOMO (bbl) | B34: 5181179 | C34: 8177194 | D34: 8652007 | E34: 16026290 | F34: 12571890 | G34: 4493334 | H34: 2201540 | I34: 1579004 | J34: 0 | K34: 0 | L34: 0 | M34: 0 | N34: =AVERAGE(B34:M34) -> 4906869.8
A35: Transfers to SOMO (bpd) | B35: =B34/B3 -> 167134.81 | C35: =C34/C3 -> 292042.64 | D35: =D34/D3 -> 279097 | E35: =E34/E3 -> 534209.67 | F35: =F34/F3 -> 405544.84 | G35: =G34/G3 -> 149777.8 | H35: =H34/H3 -> 71017.419 | I35: =I34/I3 -> 50935.613 | J35: =J34/J3 -> 0 | K35: 0 | L35: 0 | M35: 0 | N35: =AVERAGE(B35:M35) -> 162479.98
A36: Pipeline exports from KRG-op fields (bbl) | B36: =B30-B38 -> 6462000 | C36: =C30-C38 -> 8234000 | D36: =D30-D38 -> 6791000 | E36: 12457371 | F36: 12620452 | G36: 12740711 | H36: 12020683 | I36: 10958817 | J36: 13898548 | K36: 13611252 | L36: 13023266 | M36: 13504536 | N36: =AVERAGE(B36:M36) -> 11360220 | O36: =SUM(B36:M36) -> 136322636
A37: Pipeline exports from KRG-op fields (bpd) | B37: =B36/B3 -> 208451.61 | C37: =C36/C3 -> 294071.43 | D37: =D36/D3 -> 219064.52 | E37: =E36/E3 -> 415245.7 | F37: =F36/F3 -> 407111.35 | G37: =G36/G3 -> 424690.37 | H37: =H36/H3 -> 387763.97 | I37: =I36/I3 -> 353510.23 | ... M37: =M36/M3 -> 435630.19 | N37: =AVERAGE(B37:M37) -> 373500.48
A38: Pipeline exports from NOC-op fields (bbl) | B38: =B39*B3 -> 4495000 | C38: =C39*C3 -> 4200000 | D38: =D39*D3 -> 4526000 | E38: 4421614 | F38: 5285790 | G38: 4389928 | H38: 3998407 | I38: 3698981 | J38: 4715794 | K38: 4850105 | L38: 4999809 | M38: 4601198 | N38: =AVERAGE(B38:M38) -> 4515218.8 | O38: =SUM(B38:M38) -> 54182626
A39: Pipeline exports from NOC-op fields (bpd) | B39: 145000 | C39: 150000 | D39: 146000 | E39: =E38/E3 -> 147387.13 | F39: =F38/F3 -> 170509.35 | G39: =G38/G3 -> 146330.93 | H39: =H38/H3 -> 128980.87 | I39: =I38/I3 -> 119321.97 | J39: =J38/J3 -> 157193.13 | K39: =K38/K3 -> 156455 | L39: =L38/L3 -> 166660.3 | M39: =M38/M3 -> 148425.74 | N39: =AVERAGE(B39:M39) -> 148522.04
A40: KRG obligation to SOMO | B40: 180645 | C40: 327679 | D40: 420967 | E40: 468333 | F40: 550000 | G40: 600000 | H40: 625000 | I40: 625000 | J40: 625000 | K40: 625000 | L40: 625000 | M40: 625000
A41: KRG oil delivery versus Jan. 23 expectations | B41: =B35/B40 -> 0.92521136 | C41: =C35/C40 -> 0.89124614 | D41: =D35/D40 -> 0.66299021 | E41: =E35/E40 -> 1.140662 | F41: =F35/F40 -> 0.73735425 | G41: =G35/G40 -> 0.24962967 | H41: =H35/H40 -> 0.11362787 | I41: =I35/I40 -> 0.081496981 | ... K41: =K35/K40 -> 0 | L41: 0 | M41: 0 | N41: =AVERAGE(B41:M41) -> 0.40018488
A42: KRG independent sale price (estimated) | B42: =B18-5 -> 36.45 | C42: =C18-5 -> 42.43 | D42: =D18-5 -> 43.24 | E42: =E18-5 -> 46.7 | F42: =F18-5 -> 50.87 | G42: =G18-5 -> 50.32 | H42: 46.56 | I42: 36.52 | J42: 37.62 | K42: 38.43 | L42: 34.27 | M42: 28.01 | N42: =AVERAGE(B42:M42) -> 40.951667
A43: KRG exports according to Baghdad
A44: Pipeline throughput (bbl) | B44: 8608000 | C44: 12247000 | D44: 12247000 | E44: 16739000 | F44: 17810000 | G44: 17114000 | H44: 15894000 | I44: 14067000 | J44: 18843000 | K44: 18462000 | L44: =L45*30 -> 17810010 | M44: 18092000 | N44: =AVERAGE(B44:M44) -> 15661084 | O44: =SUM(B44:M44) -> 187933010
A45: Pipeline monthly average (bpd) | B45: =B44/B3 -> 277677.42 | C45: =C44/C3 -> 437392.86 | D45: =D44/D3 -> 395064.52 | E45: =E44/E3 -> 557966.67 | F45: =F44/F3 -> 574516.13 | G45: =G44/G3 -> 570466.67 | H45: =H44/H3 -> 512709.68 | I45: =I44/I3 -> 453774.19 | ... K45: =K44/K3 -> 595548.39 | L45: 593667 | M45: =M44/M3 -> 583612.9 | N45: =AVERAGE(B45:M45) -> 515041.37
A46: Independent KRG exports (bbl) | B46: =B44-B48 -> 3984691 | C46: =C44-C48 -> 3763000 | D46: =D44-D48 -> 3594993 | E46: =E44-E48 -> 1879010 | F46: =F44-F48 -> 5960002 | G46: =G44-G48 -> 12628010 | H46: =H44-H48 -> 13690000 | I46: =I44-I48 -> 12489000 | J46: 19052700 | K46: =K44 -> 18462000 | L46: =L44 -> 17810010 | M46: 18092000 | N46: =AVERAGE(B46:M46) -> 10950451 | O46: =SUM(B46:M46) -> 131405416
A47: Independent KRG exports (bpd) | B47: =B46/B3 -> 128538.42 | C47: =C46/C3 -> 134392.86 | D47: =D46/D3 -> 115967.52 | E47: =E46/E3 -> 62633.667 | F47: =F46/F3 -> 192258.13 | G47: =G46/G3 -> 420933.67 | H47: =H46/H3 -> 441612.9 | I47: =I46/I3 -> 402870.97 | ... K47: =K46/K3 -> 595548.39 | L47: =L45 -> 593667 | M47: =M46/M3 -> 583612.9 | N47: =O46/365 -> 360014.84
A48: Transfers to SOMO (bbl) | B48: =B49*B3 -> 4623309 | C48: =C49*C3 -> 8484000 | D48: =D49*D3 -> 8652007 | E48: =E49*E3 -> 14859990 | F48: =F49*F3 -> 11849998 | G48: =G49*G3 -> 4485990 | H48: 2204000 | I48: 1578000 | J48: 0 | K48: 0 | L48: 0 | M48: 0 | N48: =AVERAGE(B48:M48) -> 4728107.8 | O48: =SUM(B48:M48) -> 56737294
A49: Transfers to SOMO (bpd) | B49: 149139 | C49: 303000 | D49: 279097 | E49: 495333 | F49: 382258 | G49: 149533 | H49: =H48/H3 -> 71096.774 | I49: =I48/I3 -> 50903.226 | J49: =J48/J3 -> 0 | K49: 0 | L49: 0 | M49: 0 | N49: =AVERAGE(B49:M49) -> 156696.67
A50: Pipeline exports from NOC-op fields (bbl) | B50: 2863000 | C50: 4074000 | D50: 3323000 | E50: 4386000 | F50: 5947000 | G50: 4389000 | H50: 3999000 | I50: 3699000 | J50: 4878000 | K50: 4893000 | L50: 5355134 | M50: 4592000 | N50: =AVERAGE(B50:M50) -> 4366511.2 | O50: =SUM(B50:M50) -> 52398134
A51: Pipeline exports from NOC-op fields (bpd) | B51: =B50/B3 -> 92354.839 | C51: =C50/C3 -> 145500 | D51: =D50/D3 -> 107193.55 | E51: =E50/E3 -> 146200 | F51: =F50/F3 -> 191838.71 | G51: =G50/G3 -> 146300 | H51: =H50/H3 -> 129000 | I51: =I50/I3 -> 119322.58 | ... L51: =L50/L3 -> 178504.47 | M51: =M50/L3 -> 153066.67 | N51: =AVERAGE(B51:M51) -> 144143.29
A52: KRG oil delivery versus Jan. 23 expectations | B52: =B49/B40 -> 0.82559163 | C52: =C49/C40 -> 0.92468544 | D52: =D49/D40 -> 0.66299021 | E52: =E49/E40 -> 1.0576513 | F52: =F49/F40 -> 0.69501455 | G52: =G49/G40 -> 0.24922167 | H52: =H49/H40 -> 0.11375484 | I52: =I49/I40 -> 0.081445161 | ... K52: =K49/K40 -> 0 | L52: 0 | M52: 0
A53: KRG oil delivery versus 550k expectations | B53: =B49/550000 -> 0.27116182 | C53: =C49/550000 -> 0.55090909 | D53: =D49/550000 -> 0.50744909 | E53: =E49/550000 -> 0.90060545 | F53: =F49/550000 -> 0.69501455 | G53: =G49/550000 -> 0.27187818 | H53: =H49/550000 -> 0.12926686 | I53: =I49/550000 -> 0.09255132 | ... K53: =K49/550000 -> 0 | L53: 0 | M53: 0
A54: Estimated value of KRG indy exports ($) | B54: =B32*B19 -> 285712801 | C54: =C32*C19 -> 213734500 | D54: =D32*D19 -> 1.3388925e+08 | E54: =E32*E19 -> 1.0726783e+08 | F54: =F32*F19 -> 3.3363352e+08 | G54: =G32*G19 -> 6.6150151e+08 | H54: =H32*H42 -> 7.1052748e+08 | I54: =I32*I42 -> 4.4255469e+08 | J54: =J32*J42 -> 6.891013e+08 | K54: =K32*K42 -> 7.0946995e+08 | L54: =L32*L42 -> 6.0763051e+08 | M54: =M32*M42 -> 5.1555618e+08 | N54: =AVERAGE(B54:M54) -> 4.5088163e+08 | O54: =SUM(B54:M54) -> 5410579520
A55: Budget payments to KRG
A56: Baghdad payment to KRG (IQD) | B56: 250000000000 | C56: 490000000000 | D56: 527000000000 | E56: 489000000000 | F56: 508000000000 | G56: 0 | H56: 0 | I56: 0 | J56: 0 | K56: 0 | L56: 0 | M56: 0 | N56: =AVERAGE(B56:M56) -> 188666666667 | O56: =SUM(B56:M56) -> 2264000000000
A57: Baghdad payment to KRG ($, based on 1200 IQD:$1) | B57: =B56/1200 -> 2.0833333e+08 | C57: =C56/1200 -> 4.0833333e+08 | D57: =D56/1200 -> 4.3916667e+08 | E57: =E56/1200 -> 407500000 | F57: =F56/1200 -> 4.2333333e+08 | G57: 0 | H57: 0 | I57: 0 | J57: 0 | K57: 0 | L57: 0 | M57: 0 | N57: =AVERAGE(B57:M57) -> 1.5722222e+08 | O57: =SUM(B57:M57) -> 1886666667
A58: Analysis of KRG-Baghdad oil deal
A59: KRG 17% according to plain reading of budget law (IQD) | B59: =0.17*(B25-B26) -> 497122840000 | C59: =0.17*(C25-C26) -> 653036130000 | D59: =0.17*(D25-D26) -> 680174420000 | E59: =0.17*(E25-E26) -> 625405180000 | F59: =0.17*(F25-F26) -> 600185850000 | G59: =0.17*(G25-G26) -> 566333070000 | H59: n/a | I59: n/a | J59: n/a | K59: n/a | L59: n/a | M59: n/a
A60: Peshmerga share (IQD) | B60: =B28*0.126 -> 30770334000 | C60: =C28*0.126 -> 31365180000 | D60: =D28*0.126 -> 37073610000 | E60: =E28*0.126 -> 33224688000 | F60: =F28*0.126 -> 34025166000 | G60: =G28*0.126 -> 36266202000 | H60: n/a | I60: n/a | J60: n/a | K60: n/a | L60: n/a | M60: n/a
A61: Theoretical full KRG budget payment (IQD) | B61: =B59+B60 -> 527893174000 | C61: =C59+C60 -> 684401310000 | D61: =D59+D60 -> 717248030000 | E61: =E59+E60 -> 658629868000 | F61: =F59+F60 -> 634211016000 | G61: =G59+G60 -> 602599272000 | H61: n/a | I61: n/a | J61: n/a | K61: n/a | L61: n/a | M61: n/a
A62: Theoretical obligation to KRG using Jan. 23 calculation | B62: =B59*B52+B60 -> 441190789782 | C62: =C59*C52+C60 -> 635218180620 | D62: =D59*D52+D60 -> 488022591984 | E62: =E59*E52+E60 -> 694685281264 | F62: =F59*F52+F60 -> 451163061726 | G62: =G59*G52+G60 -> 177408673594 | H62: n/a | I62: n/a | J62: n/a | K62: n/a | L62: n/a | M62: n/a | N62: =AVERAGE(B62:M62) -> 481281429828 | O62: =SUM(B62:M62) -> 2887688578969
A63: Theoretical obligation to KRG using 550k calculation | B63: =B59*B53+B60 -> 165571067154 | C63: =C59*C53+C60 -> 391128720709 | D63: =D59*D53+D60 -> 382227501089 | E63: =E59*E53+E60 -> 596468004409 | F63: =F59*F53+F60 -> 451163061726 | G63: =G59*G53+G60 -> 190239807375 | H63: n/a | I63: n/a | J63: n/a | K63: n/a | L63: n/a | M63: n/a | N63: =AVERAGE(B63:M63) -> 362799693744 | O63: =SUM(B63:M63) -> 2176798162462
A64: Implied $/bbl paid by Baghdad | B64: =B57/B16 -> 46.347794 | C64: =C57/C16 -> 47.971491 | D64: =D57/D16 -> 52.860697 | E64: =E57/E16 -> 30.185185 | F64: =F57/F16 -> 30.279188 | G64: =G57/G16 -> 0 | H64: n/a | I64: n/a | J64: n/a | K64: n/a | L64: n/a | M64: n/a | N64: =AVERAGE(B64:M64) -> 34.607393
A65: Federal revenue from Ceyhan sales ($) | B65: =B16*B19 -> 202769450 | C65: =C16*C19 -> 460584320 | D65: =D16*D19 -> 417393920 | E65: =E16*E19 -> 749925000 | F65: =F16*F19 -> 816770020 | G65: =G16*G19 -> 2.7494023e+08 | H65: n/a | I65: n/a | J65: n/a | K65: n/a | L65: n/a | M65: n/a | N65: =AVERAGE(B65:M65) -> 487063823 | O65: =SUM(B65:M65) -> 2922382938
A66: Baghdad "profit/loss" on KRG deal ($) | B66: =B65-B57 -> -5563883.3 | C66: =C65-C57 -> 52250987 | D66: =D65-D57 -> -21772747 | E66: =E65-E57 -> 342425000 | F66: =F65-F57 -> 3.9343669e+08 | G66: =G65-G57 -> 2.7494023e+08 | H66: n/a | I66: n/a | J66: n/a | K66: n/a | L66: n/a | M66: n/a | N66: =AVERAGE(B66:M66) -> 1.7261938e+08 | O66: =SUM(B66:M66) -> 1035716271
A67: KRG finances
A68: Value of KRG indy exports ($, estimated) | B68: =B32*B19 -> 285712801 | C68: =C32*C19 -> 213734500 | D68: =D32*D19 -> 1.3388925e+08 | E68: =E32*E19 -> 1.0726783e+08 | F68: =F32*F19 -> 3.3363352e+08 | G68: =G32*G19 -> 6.6150151e+08 | H68: =H32*H42 -> 7.1052748e+08 | I68: =I32*I42 -> 4.4255469e+08 | J68: =J32*J42 -> 6.891013e+08 | K68: =K32*K42 -> 7.0946995e+08 | L68: =L32*L42 -> 6.0763051e+08 | M68: =M32*M42 -> 5.1555618e+08 | N68: =AVERAGE(B68:M68) -> 4.5088163e+08 | O68: =SUM(B68:M68) -> 5410579520
A69: Baghdad budget payment | B69: =B57 -> 2.0833333e+08 | C69: =C57 -> 4.0833333e+08 | D69: =D57 -> 4.3916667e+08 | E69: =E57 -> 407500000 | F69: =F57 -> 4.2333333e+08 | G69: =G57 -> 0 | H69: 0 | I69: 0 | J69: 0 | K69: 0 | L69: 0 | M69: 0 | N69: =AVERAGE(B69:M69) -> 1.5722222e+08 | O69: =SUM(B69:M69) -> 1886666667
A70: Value of KRG budget payments + indy exports | B70: =B57+B54 -> 4.9404613e+08 | C70: =C57+C54 -> 6.2206783e+08 | D70: =D57+D54 -> 573055915 | E70: =E57+E54 -> 5.1476783e+08 | F70: =F57+F54 -> 7.5696686e+08 | G70: =G57+G54 -> 6.6150151e+08 | H70: =H57+H54 -> 7.1052748e+08 | I70: =I57+I54 -> 4.4255469e+08 | ... M70: =M57+M54 -> 5.1555618e+08 | N70: =AVERAGE(B70:M70) -> 6.0810385e+08 | O70: =SUM(B70:M70) -> 7297246187
A71: Oil-related revenue | B71: =SUM(B70) -> 4.9404613e+08 | C71: =SUM(C70) -> 6.2206783e+08 | D71: =SUM(D70) -> 573055915 | E71: =SUM(E70) -> 5.1476783e+08 | F71: =SUM(F70) -> 7.5696686e+08 | G71: =SUM(G70) -> 6.6150151e+08 | H71: =SUM(H70) -> 7.1052748e+08 | I71: =SUM(I70) -> 4.4255469e+08 | ... M71: =SUM(M70) -> 5.1555618e+08 | N71: =AVERAGE(B71:M71) -> 6.0810385e+08 | O71: =SUM(B71:M71) -> 7297246187
A72: IOC payments | B72: =SUM(B70:B71) -> 9.8809227e+08 | C72: =SUM(C70:C71) -> 1244135667 | D72: =SUM(D70:D71) -> 1146111830 | E72: =SUM(E70:E71) -> 1029535655 | F72: =SUM(F70:F71) -> 1513933714 | G72: =SUM(G70:G71) -> 1323003016 | H72: =SUM(H70:H71) -> 1421054966 | I72: =SUM(I70:I71) -> 8.8510938e+08 | ... M72: =SUM(M70:M71) -> 1031112355
A73: Pipeline to Ceyhan | O73: =SUM(B73:M73) -> 0
A74: Downtime (hours) | B74: 63.33 | C74: 53.59 | D74: 182 | E74: 22 | F74: 80 | G74: 45 | H74: 111 | I74: =I75*24 -> 216 | J74: 48 | K74: 72 | L74: 48 | M74: 72 | N74: =AVERAGE(B74:M74) -> 84.41 | O74: =SUM(B74:M74) -> 1012.92
A75: Downtime (days) | B75: =B74/24 -> 2.63875 | C75: =C74/24 -> 2.2329167 | D75: =D74/24 -> 7.5833333 | E75: =E74/24 -> 0.91666667 | F75: =F74/24 -> 3.3333333 | G75: =G74/24 -> 1.875 | H75: =H74/24 -> 4.625 | I75: 9 | J75: 2 | K75: =K74/24 -> 3 | L75: =L74/24 -> 2 | M75: =M74/24 -> 3 | N75: =AVERAGE(B75:M75) -> 3.5170833 | O75: =SUM(B75:M75) -> 42.205
A76: Average pipeline flow when operating (bpd) | B76: =B30/(B3-B75) -> 386336.99 | C76: =C30/(C3-C75) -> 482553.65 | D76: =D30/(D3-D75) -> 483288.26 | E76: =E30/(E3-E75) -> 580366.25 | F76: =F30/(F3-F75) -> 647213.57 | G76: =G30/(G3-G75) -> 609089.39 | H76: =H30/(H3-H75) -> 607358.86 | I76: =I30/(I3-I75) -> 666263.55 | ... M76: =M30/(M3-M75) -> 646633.36 | N76: =AVERAGE(B76:M76) -> 589743.19
A77: Unexported barrels (bbl) | B77: =B76*B75 -> 1019446.7 | C77: =C76*C75 -> 1077502.1 | D77: =D76*D75 -> 3664935.9 | E77: =E76*E75 -> 532002.39 | F77: =F76*F75 -> 2157378.6 | G77: =G76*G75 -> 1142042.6 | H77: =H76*H75 -> 2809034.7 | I77: =I76*I75 -> 5996371.9 | ... M77: =M76*M75 -> 1939900.1 | N77: =AVERAGE(B77:M77) -> 2077798.2 | O77: =SUM(B77:M77) -> 24933578
A78: Economic loss due to pipeline downtime | B78: =B77*B19 -> 45987242 | C78: =C77*C19 -> 58303637 | D78: =D77*D19 -> 1.8412638e+08 | E78: =E77*E19 -> 29552733 | F78: =F77*F19 -> 1.2603406e+08 | G78: =G77*G19 -> 63520409 | H78: =H77*H42 -> 1.3078866e+08 | I78: =I77*I42 -> 2.189875e+08 | J78: =J77*J42 -> 50019477 | K78: =K77*K42 -> 76014637 | L78: =L77*L42 -> 44117913 | M78: =M77*M42 -> 54336601 | N78: =AVERAGE(B78:M78) -> 90149104 | O78: =SUM(B78:M78) -> 1081789247
A79: Production capacity for fields under KRG control
A80: K1 Area fields (Baba, Jambur, Khabbaz) | B80: 190000 | C80: 190000 | D80: 190000 | E80: 190000 | F80: 190000 | G80: 200500 | H80: 200500 | I80: 170000 | J80: 170000 | K80: 185000 | L80: 185000 | M80: 210000 | N80: =average(B80:M80) -> 189250 | O80: =(N80*365) -> 69076250
A81: Bai Hassan/Avana Dome | B81: 200000 | C81: 200000 | D81: 200000 | E81: 220000 | F81: 220000 | G81: 190000 | H81: 190000 | I81: 200000 | J81: 200000 | K81: 200000 | L81: 220000 | M81: 220000 | N81: =average(B81:M81) -> 205000 | O81: =(N81*365) -> 74825000
A82: Khurmala | B82: 103000 | C82: 103000 | D82: 103000 | E82: 103000 | F82: 103000 | G82: 103000 | H82: 103000 | I82: 103000 | J82: 103000 | K82: 103000 | L82: 103000 | M82: 103000 | N82: =average(B82:M82) -> 103000 | O82: =(N82*365) -> 37595000
A83: Taq Taq | B83: 150000 | C83: 150000 | D83: 150000 | E83: 147000 | F83: 147000 | G83: 165000 | H83: 165000 | I83: 155000 | J83: 155000 | K83: 107000 | L83: 105000 | M83: 105000 | N83: =average(B83:M83) -> 141750 | O83: =(N83*365) -> 51738750
A84: Tawke | B84: 145000 | C84: 145000 | D84: 145000 | E84: 170000 | F84: 170000 | G84: 180000 | H84: 180000 | I84: 180000 | J84: 160000 | K84: 142000 | L84: 128800 | M84: 124200 | N84: =average(B84:M84) -> 155833.33 | O84: =(N84*365) -> 56879167
A85: Ain Zaleh | B85: 2000 | C85: 2000 | D85: 2000 | E85: 2000 | F85: 2000 | G85: 2000 | H85: 2000 | I85: 8000 | J85: 8000 | K85: 8000 | L85: 8000 | M85: 8000 | N85: =average(B85:M85) -> 4500 | O85: =(N85*365) -> 1642500
A86: Demir Dagh | B86: 3000 | C86: 3000 | D86: 3000 | E86: 3000 | F86: 3000 | G86: 3000 | H86: 3000 | I86: 3000 | J86: 4000 | K86: 0 | L86: 0 | M86: 0 | N86: =average(B86:M86) -> 2333.3333 | O86: =(N86*365) -> 851666.67
A87: Shaikhan | B87: 35000 | C87: 35000 | D87: 35000 | E87: 35000 | F87: 35000 | G87: 38000 | H87: 38000 | I87: 39000 | J87: 41000 | K87: 40000 | L87: 40000 | M87: 35000 | N87: =average(B87:M87) -> 37166.667 | O87: =(N87*365) -> 13565833
A88: Sarqala | B88: 5000 | C88: 5000 | D88: 5000 | E88: 7000 | F88: 7000 | G88: 6500 | H88: 6500 | I88: 6000 | J88: 6000 | K88: 6000 | L88: 5000 | M88: 5000 | N88: =average(B88:M88) -> 5833.3333 | O88: =(N88*365) -> 2129166.7
A89: Khor Mor | B89: 14100 | C89: 14100 | D89: 14100 | E89: 14100 | F89: 14100 | G89: 14100 | H89: 14100 | I89: 14100 | J89: 14100 | K89: 13800 | L89: 13800 | M89: 13800 | N89: =average(B89:M89) -> 14025 | O89: =(N89*365) -> 5119125
A90: Akri Bijeel | B90: 0 | C90: 0 | D90: 0 | E90: 0 | F90: 0 | G90: 0 | H90: 0 | I90: 0 | J90: 2200 | K90: 2200 | L90: 2200 | M90: 2200 | N90: =average(B90:M90) -> 733.33333 | O90: =(N90*365) -> 267666.67
A91: Sarsang | B91: 0 | C91: 0 | D91: 0 | E91: 0 | F91: 0 | G91: 0 | H91: 0 | I91: 0 | J91: 0 | K91: 2000 | L91: 2000 | M91: 2000 | N91: =average(B91:M91) -> 500 | O91: =(N91*365) -> 182500
B92: Footnotes on sourcing. Relevant cell number in [] [7:A] Source: federal Oil MoO, except where otherwise noted [12:A] Estimate based on Basra tanker data. Level of confidence: +/- 3%. [13:A] Estimate based on Basra tanker data. Level of confidence: +/- 3%. [14:A] Estimate based on Basra tanker data. Level of confidence: +/- 3%. [15:A] Estimate based on Basra tanker data. Level of confidence: +/- 3%. [19:H] Federal northern exports virtually stopped so reliable pricing data not available. Using average SOMO price as proxy. [19:I] Federal northern exports virtually stopped so reliable pricing data not available. Using average SOMO price as proxy. [19:J] Using average SOMO price as proxy due to near absence of exports [24:A] Source: federal Oil Ministry [25:A] Source: senior Iraqi government official [26:A] Source: senior Iraqi government official [27:A] Source: senior Iraqi government official [28:A] Source: senior Iraqi government official [29:A] Source: KRG MNR (April to Dec), senior NOC official (Jan to March) [34:C] Baghdad and KRG report almost identical amounts of oil for January plus February. Differences between monthly figures are likely due to a delay in SOMO calculating transfers of oil designated from KRG storage tanks at the end of the month. [34:D] No KRG data available for March. Using Baghdad data here instead. [34:E] Includes 1,182,094 million bbl of crude in KRG storage that was designated to SOMO on April 30. SOMO presumably did not recognize receipt of the oil until May. This accounts for almost the entire discrepancy between KRG and SOMO numbers for this month. [40:A] On Jan. 23, 2015, Iraqi Oil Minister Adil abd al-Mahdi agreed with KRG PM Barzani and MNR Ashti Hawrami to a daily oil delivery schedule, which was subsequently published by the MNR. These monthly average expectations are calculated from the purported daily supply agreement. [42:A] Estimate for January-June is based on assumption of $5 discount to SOMO price, accounting for political risk premium and extra transport fees. (We would not be surprised if this price were roughly $3 higher or lower.) For July to December, IOR reporting suggests KRG oil was sold at a $10 discount to Brent spot prices. [43:A] Source: Oil Ministry data obtained by Iraq Oil Report, except where otherwise noted [44:D] It's odd that the March total is exactly the same as February. However, we've confirmed daily throughput data for both months, and they happen to add up to the same total. [46:J] MoO estimates based on stated capacity of tankers loading KRG crude at Ceyhan [53:A] Whereas KRG evaluated its compliance with the oil deal by comparing its oil deliveries against the Jan. 23 deal, Baghdad officials typically compared KRG deliveries against the 550,000 bpd mark set in the 2015 budget law. Thus, this row compares KRG deliveries to this budget provision. [54:A] Note that actual KRG revenue is likely significantly lower, due to pipeline transit fees, shipping/chartering fees, political/legal risk discounts off the oil price, and discounting for forward sales. [55:A] Source: federal and KRG ministries of finance [56:G] 167tn IQD / $139 million payment was allocated but never transferred [59:A] Calculation method: 17% of (total expenditures - sovereign expenditures) [60:A] Calculation method: 12.6% of total ground forces expenditures. (12.6% is Baghdad's assumption of KRG proportion of Iraqi population.) [61:A] Calculation: 17% after sovereign expenses + Peshmerga budget [62:A] Calculation method: (KRG 17% after sovereign expenses + Peshmerga dues) * (actual oil deliver to SOMO / oil supposed to be delivered under Jan. 23 agreement) [63A] Calculation method: (KRG 17% after sovereign expenses + Peshmerga dues) * (actual oil delivered to SOMO / 550,000 bpd expectation in budget law) [64A] Both sides denied that the KRG was "selling" oil to SOMO under this deal. Nonetheless, we can hypothetically examine the deal to see how much revenue the KRG is getting for each barrel handed over to SOMO. [78:A] Amounts are estimated based on understanding of independent sales [73:A] Sourcing: KRG MNR, except where otherwise noted [75:A] Sourcing: KRG MNR, except where otherwise noted [75:I] official MNR report said "9 days" / 221 hours was the estimate compiled by IOR [77:I] official MNR report said "9 days" / 221 hours was the estimate compiled by IOR [79:A] Not indicative of sustained flow rates. Figures are maximum capacities. [81:A] Source: Iraq Oil Ministry data
B93: Iraq Oil and Financial Dataset (IOFD) Iraq Oil and Financial Dataset reports, Iraq Oil and Financial Dataset downloads, and Iraq Oil and Financial Dataset emails (herein, collectively, the "Report" or "Reports") produced by Iraq Oil Report ("IOR") reflect the analysis and opinions, not the advice, of IOR. Reports, the copyright and all intellectual property rights of which are reserved exclusively to IOR, are produced for the eyes only of Reports subscribers, and are for informational purposes only. The opinions and analysis reflected in Reports are based on information obtained from sources IOR considers reliable, but IOR neither guarantees nor represents the completeness or accuracy of such information, nor its analysis and opinions based thereon. IOR's opinions and analysis do not constitute a warranty of future results. ALL INFORMATION IN A REPORT IS PROVIDED "AS IS" AND ALL IMPLIED WARRANTIES, INCLUDING WARRANTIES OF MERCHANTABILITY AND FITNESS FOR A PARTICULAR PURPOSE, ARE HEREBY DISCLAIMED. TO THE FULLEST EXTENT PERMITTED BY LAW IOR WILL NOT BE LIABLE FOR THE QUALITY, ACCURACY, COMPLETENESS, RELIABILITY OR TIMELINESS OF INFORMATION IN A REPORT, OR FOR DAMAGES OR COSTS OF ANY KIND AND NATURE WHICH MAY ARISE OUT OF THE AUTHORIZED OR UNAUTHORIZED USE OF ANY REPORT (INCLUDING BUT NOT LIMITED TO, LOST PROFITS OR OPPORTUNITIES THAT MAY RESULT FROM ANY INACCURACY OR INCOMPLETENESS OF INFORMATION IN A REPORT), WHETHER IN TORT, CONTRACT OR OTHERWISE. In no event shall IOR's liability to any subscriber or third party exceed the amount paid by subscriber, if any, for the specific Report from which a claim may derive. Copyright to the content of all Reports is either owned by IOR, or is licensed thereto. Reports are generated for the benefit of Report subscribers only; no Report content may be copied, reproduced, published, republished, uploaded, posted, displayed, transmitted, modified, used to prepare derivative works, distributed or redistributed in any way or in any medium whatsoever now known or later invented except pursuant to separate written authorization given by an officer of IOR as to the specific content. In the event of a subscriber's breach of the immediately preceding provision, the subscriber shall: (i) indemnify, defend and hold harmless IOR, its officers, directors, agents, shareholders and representatives, from any and all claims (whether or not a lawsuit or formal claim is filed), damages and costs of any kind and nature, whether in tort, contract or otherwise, which are directly or indirectly related to the subscriber's breach, whether or not such breach was intended by the subscriber, and (ii) otherwise be liable to IOR for all damages and losses IOR may prove (which the subscriber agrees shall be, at a minimum, equal to the then-current fee typically charged by IOR for a Report, multiplied by the number of unauthorized disclosures made, or other breaches, by the subscriber), plus all costs of collection, including actual attorney fees (whether or not a lawsuit or formal claim is filed). Subscriber's accessing the Reports, including pursuant to any free or reduced-cost trial period, constitutes its acceptance of these terms. Subscriber's access to the Reports, and any dispute arising out of or relating to the Reports, will be governed by the laws of the State of Michigan, U.S.A., irrespective of its conflicts of laws provisions. Subscriber, for itself and for any party attempting to make a claim through subscriber, irrevocably agrees that any dispute regarding the Reports or any services provided by IOR shall be submitted to a court of competent jurisdiction sitting Kalamazoo, Michigan, provided however that IOR may pursue injunctive relief in any court having jurisdiction for such actions. Subscriber, for itself and for any party attempting to make a claim through subscriber, further agrees to submit to the exclusive personal jurisdiction and venue of the federal and state courts located in Kalamazoo, Michigan. CONFIDENTIALITY NOTICE: This email and any attachments are confidential and intended solely for the use of the intended recipient. If you are not the intended recipient, please do not read, disclose, copy, or distribute this message or any attachment.Please notify the sender immediately by e-mail if you believe you received this e-mail in error; please delete this e-mail from your system, and please refrain from opening any attachment. Intended and unintended recipients of this email and any attachments are hereby notified that copying, disclosing, distributing or taking any action in reliance on the contents of this email, or any attachments, is strictly prohibited unless separate specific written authorization to do so is given by an officer of Iraq Oil Report. Recipients of this email who copy, disclose, distribute or take action (or refrain from taking action) in reliance on the contents of this email or any attachments, or who cause or influence another party to so take action (or refrain from taking action), without such reliance being specifically authorized in writing by an officer of Iraq Oil Report, shall indemnify, defend and hold harmless Iraq Oil Report, its officers, directors, agents, shareholders and representatives, from any and all claims (whether or not a lawsuit or formal claim is filed), damages and costs of any kind and nature, whether in tort, contract or otherwise. The information in this email and any attachments is provided "as is" and all implied warranties, including warranties of merchantability and fitness for a particular purpose, are hereby disclaimed.

Sheet Oil price
A1: GLOBAL OIL PRICE DATA
A2: Date | B2: Brent spot price FOB ($/bbl) | C2: Average monthly price
A3: 42006 | B3: 55.38
A4: 42009 | B4: 51.08
A5: 42010 | B5: 50.12
A6: 42011 | B6: 49.06
A7: 42012 | B7: 49.43
A8: 42013 | B8: 47.64
A9: 42016 | B9: 46.9
A10: 42017 | B10: 45.13
A11: 42018 | B11: 45.82
A12: 42019 | B12: 47.66
A13: 42020 | B13: 47.38
A14: 42024 | B14: 46.49
... A21: 42033 | B21: 46.61
A22: 42034 | B22: 47.52 | C22: =AVERAGE(B3:B22) -> 47.7595
A23: 42037 | B23: 51.74
A24: 42038 | B24: 54.41
A25: 42039 | B25: 55.07
A26: 42040 | B26: 55.98
A27: 42041 | B27: 55.88
A28: 42044 | B28: 57
A29: 42045 | B29: 55.79
A30: 42046 | B30: 53.48
A31: 42047 | B31: 56.23
A32: 42048 | B32: 60.33
A33: 42051 | B33: 61.57
A34: 42052 | B34: 60.78
... A41: 42061 | B41: 61.39
A42: 42062 | B42: 61.89 | C42: =AVERAGE(B23:B42) -> 58.0955
A43: 42065 | B43: 60.75
A44: 42066 | B44: 61.18
A45: 42067 | B45: 59.18
A46: 42068 | B46: 60.33
A47: 42069 | B47: 59.15
A48: 42072 | B48: 58.67
A49: 42073 | B49: 55.95
A50: 42074 | B50: 56.46
A51: 42075 | B51: 56.66
A52: 42076 | B52: 54.8
A53: 42079 | B53: 52
A54: 42080 | B54: 52.17
... A63: 42093 | B63: 53.99
A64: 42094 | B64: 53.69 | C64: =AVERAGE(B43:B64) -> 55.885455
A65: 42095 | B65: 55.73
A66: 42096 | B66: 55.73
A67: 42100 | B67: 55.73
A68: 42101 | B68: 57.55
A69: 42102 | B69: 56.42
A70: 42103 | B70: 56.04
A71: 42104 | B71: 56.82
A72: 42107 | B72: 57.14
A73: 42108 | B73: 57.69
A74: 42109 | B74: 59.32
A75: 42110 | B75: 60.13
A76: 42111 | B76: 61.31
... A84: 42123 | B84: 63.97
A85: 42124 | B85: 63.9 | C85: =AVERAGE(B65:B85) -> 59.524286
A86: 42125 | B86: 64.13
A87: 42128 | B87: 64.62
A88: 42129 | B88: 65.44
A89: 42130 | B89: 66.22
A90: 42131 | B90: 64.93
A91: 42132 | B91: 63.82
A92: 42135 | B92: 62.82
A93: 42136 | B93: 65.09
A94: 42137 | B94: 66.33
A95: 42138 | B95: 65.58
A96: 42139 | B96: 64.69
A97: 42142 | B97: 65.15
... A104: 42152 | B104: 60.12
A105: 42153 | B105: 63.16 | C105: =AVERAGE(B86:B105) -> 64.075
A106: 42156 | B106: 62.87
A107: 42157 | B107: 63.14
A108: 42158 | B108: 62.78
A109: 42159 | B109: 60.34
A110: 42160 | B110: 60.36
A111: 42163 | B111: 61.33
A112: 42164 | B112: 63.23
A113: 42165 | B113: 64.68
A114: 42166 | B114: 63.76
A115: 42167 | B115: 63.19
A116: 42170 | B116: 60.99
A117: 42171 | B117: 60.75
... A126: 42184 | B126: 59.03
A127: 42185 | B127: 60.31 | C127: =AVERAGE(B106:B127) -> 61.477727
A128: 42186 | B128: 61.65
A129: 42187 | B129: 61.73
A130: 42188 | B130: 59.06
A131: 42191 | B131: 57.19
A132: 42192 | B132: 54.72
A133: 42193 | B133: 55.7
A134: 42194 | B134: 57.83
A135: 42195 | B135: 57.72
A136: 42198 | B136: 57.63
A137: 42199 | B137: 57.2
A138: 42200 | B138: 57.34
A139: 42201 | B139: 57.31
... A149: 42215 | B149: 54.29
A150: 42216 | B150: 53.29 | C150: =AVERAGE(B128:B150) -> 56.561304
...
